 Dungeon Crawl Stone Soup version 0.26-a0-52-gd53d4cd058 (webtiles) character file.

Game seed: 16838175515262410569

94 vurker the Magician (level 4, -11/32 HPs)
             Began as a Mummy Wizard on June 5, 2020.
             Killed from afar by Crazy Yiuf (13 damage)
             ... with a puff of flame
             ... on level 2 of the Dungeon.
             The game lasted 00:02:58 (2858 turns).

vurker the Magician (Mummy Wizard)                  Turns: 2858, Time: 00:02:59

Health: -11/32     AC:  2    Str: 10    XL:     4   Next: 38%
Magic:  2/11       EV: 12    Int: 18    God:
Gold:   219        SH:  0    Dex: 16    Spells: 8/13 levels left

rFire    x . .     SeeInvis .   f - +0 short sword
rCold    + . .     Gourm    .   (no shield)
rNeg     + + +     Faith    .   a - +0 robe
rPois    ∞         Spirit   .   b - +0 hat
rElec    .         Reflect  .   (no cloak)
rCorr    .         Harm     .   (no gloves)
MR       .....                  (no boots)
Stlth    ++........             (no amulet)
HPRegen  0.10/turn              g - +6 ring of dexterity
MPRegen  0.12/turn              c - ring of wizardry

@: no status effects
A: no food or potions, fire vulnerability, cold resistance 1, negative energy
resistance 3, torment resistance, unbreathing
a: no special abilities


You were on level 2 of the Dungeon.
You were not hungry.

You visited 1 branch of the dungeon, and saw 2 of its levels.

You collected 219 gold pieces.

Inventory:

Hand Weapons
 f - a +0 short sword (weapon)
   (You took it off a kobold on level 2 of the Dungeon)
Armour
 a - a +0 robe (worn)
 b - a +0 hat (worn)
Jewellery
 c - a ring of wizardry (right hand)
   (You found it on level 2 of the Dungeon)
 g - a +6 ring of dexterity (left hand)
   (You found it on level 1 of the Dungeon)
Scrolls
 d - a scroll of fog {unknown}
 e - a scroll of noise {unknown}
 h - 4 scrolls of identify {unknown}


   Skills:
 + Level 1.4 Fighting
 - Level 1.5 Dodging
 - Level 1.5 Stealth
 * Level 5.1 Spellcasting
 * Level 2.0 Conjurations
 * Level 1.3 Summonings
 - Level 0.7 Translocations


You had 8 spell levels left.
You knew the following spells:

 Your Spells              Type           Power        Failure   Level  Hunger
a - Magic Dart            Conj           ##..         2%          1    N/A
b - Call Imp              Summ           #.......     4%          2    N/A
w - Blink                 Tloc           N/A          6%          2    N/A

Your spell library contained the following spells:

 Spells                   Type           Power        Failure   Level  Hunger
 Slow                     Hex            #.......     9%          2    N/A
 Conjure Flame            Conj/Fire      #.......     11%         3    N/A
 Mephitic Cloud           Conj/Pois/Air  #.......     12%         3    N/A

Dungeon Overview and Level Annotations

Branches:
Dungeon (2/15)

Altars:
Cheibriados

Annotations:
D:2 Crazy Yiuf


Innate Abilities, Weirdness & Mutations

You do not eat or drink.
Your flesh is vulnerable to fire.
You are immune to poison.
Your flesh is cold resistant. (rC+)
You are immune to negative energy. (rN+++)
You are immune to unholy pain and torment.
You can survive without breathing.


Message History

Your crimson imp hits Crazy Yiuf.
A beastly little devil appears in a puff of flame.
Crazy Yiuf hits your crimson imp with a +3 quarterstaff of chaos!
Your crimson imp convulses.
Your crimson imp dies!
Your crimson imp blinks!
A beastly little devil appears in a puff of flame.
Crazy Yiuf says, "Tonal!
Ten hand sallow."
Crazy Yiuf laughs, "Island toodlewoodle foot!"
Crazy Yiuf cries, "Key turtle foot!"
Crazy Yiuf hits you with a +3 quarterstaff of chaos.
You feel yourself slow down.
Your crimson imp closely misses Crazy Yiuf.
Crazy Yiuf zaps a wand.
The puff of flame hits you! The fire burns you terribly!
Ouch! That really hurt!
* * * LOW HITPOINT WARNING * * *
A shadowy apparition takes form in the air.
Crazy Yiuf cries, "Cards!
Rot ragdoll alas."
Crazy Yiuf closely misses you.
Crazy Yiuf screams, "Cards hand arga!"
Crazy Yiuf hits you with a +3 quarterstaff of chaos.
* * * LOW HITPOINT WARNING * * *
Crazy Yiuf burns you.
* * * LOW HITPOINT WARNING * * *
Your crimson imp hits Crazy Yiuf but does no damage.
Your shadow imp gestures at Crazy Yiuf.
Crazy Yiuf writhes in agony.
Crazy Yiuf hits your shadow imp with a +3 quarterstaff of chaos.
Your shadow imp completely misses Crazy Yiuf.
You aren't carrying any items that you can evoke.
Unknown command.
Crazy Yiuf screams, "Action!"
Crazy Yiuf barely misses your shadow imp.
Your shadow imp barely misses Crazy Yiuf.
Crazy Yiuf cries, "Trifle ladder hand!"
Your shadow imp barely misses Crazy Yiuf.
Your shadow imp hits Crazy Yiuf but does no damage.
Crazy Yiuf zaps a wand.
The puff of flame misses you.
You feel yourself speed up.
Your crimson imp disappears in a puff of smoke!
Your magical contamination has completely faded away.
Crazy Yiuf zaps a wand.
The puff of flame hits you! The fire burns you terribly!
* * * LOW HITPOINT WARNING * * *
Crazy Yiuf says, "Announcement blue childish!"
Crazy Yiuf zaps a wand.
The puff of flame hits you! The fire burns you terribly!
You die...

.....####.#.#
#.###..........##
.....# #.#.# #.#
##.......#.# ###.##
#.#.# #.# ##.....##.#
#.# #.#.#####.#
##...###.## #.#
#.#.......# ##'## #...
#.# #.......### #.#
#### #.# ######.## #.#
###.# #.##########.##
....#
###..@......#...##
#####
#.g.!...###......#####
#
#5#.###....!..........
#.#.###.###.##.#######
#.#.....# #.##.#
#5#.###.# #.##.# #.#.#
#.# #.##.#
###5#.###.###.##.#
##.............##.#


You could see Crazy Yiuf and a friendly crimson imp (summoned).

Vanquished Creatures
  3 adders (D:2)
  An ooze (D:1)
  An adder skeleton (D:2)
  A worm (D:2)
  A dart slug (D:2)
  3 leopard geckos
  3 giant cockroaches
  4 goblins
  6 hobgoblins
  4 jackals (D:2)
  5 kobolds
  A quokka (D:2)
  2 bats (D:1)
  2 frilled lizards (D:1)
  5 rats
42 creatures vanquished.

Vanquished Creatures (collateral kills)
  An adder (D:2)
1 creature vanquished.

Grand Total: 43 creatures vanquished

Notes
Turn   | Place    | Note
-------+----------+-------------------------------------------
     0 | D:1      | vurker the Mummy Wizard began the quest for the Orb.
     0 | D:1      | Reached XP level 1. HP: 13/13 MP: 5/5
    16 | D:1      | Reached skill level 1 in Conjurations
   117 | D:1      | Reached XP level 2. HP: 13/20 MP: 0/7
   549 | D:1      | You fall into a shaft and drop 1 floor!
  1023 | D:1      | Reached skill level 1 in Fighting
  1070 | D:1      | Reached XP level 3. HP: 26/26 MP: 6/9
  1074 | D:1      | Learned a level 2 spell: Call Imp
  1077 | D:1      | Learned a level 2 spell: Blink
  1578 | D:2      | Reached skill level 1 in Summonings
  1844 | D:2      | Reached XP level 4. HP: 32/32 MP: 3/10
  2023 | D:2      | Found a runed translucent door.
  2024 | D:2      | Noticed Crazy Yiuf
  2324 | D:2      | Reached skill level 5 in Spellcasting
  2436 | D:2      | Found a snail-covered altar of Cheibriados.
  2853 | D:2      | HP: 1/32 [Crazy Yiuf/puff of flame (7)]
  2858 | D:2      | Killed from afar by Crazy Yiuf

Illustrated notes

Levels and vault maps discovered:
D:1:      wander_arrival_chamber, layout_loops_ring,
          corexii_item_surrounded_by_moat
D:2:      layout_loops_corners, lemuel_crystal_altar, uniq_crazy_yiuf_cottage

Skill      XL: |  1  2  3  4 |
---------------+-------------+-----
Conjurations   | 1 2 |  2.0
Fighting       | 1 |  1.4
Summonings     | 1 |  1.3
Spellcasting   | 5 |  5.1
Dodging        | |  1.5
Stealth        | |  1.5
Translocations | |  0.7

Action                   |  1- 3 |  4- 6 || total
-------------------------+-------+-------++-------
Melee: Unarmed           |    20 |       ||    20
       Short sword       |       |    16 ||    16
 Cast: Magic Dart        |   104 |    41 ||   145
       Call Imp          |       |     6 ||     6
  Use: Scroll            |     2 |       ||     2
Armor: Robe              |     9 |     4 ||    13
Dodge: Dodged            |    36 |    23 ||    59

Table legend:
 A = Non-vault XP
 B = Vault XP
 C = Vault XP percentage of total XP
 D = Non-vault monster count
 E = Vault monster count
 F = Vault count percentage of total count
                 A         B        C        D         E       F
            +---------+---------+-------+---------+---------+-------
      Total |     135 |       0 |   0.0 |      43 |       0 |   0.0
            +---------+---------+-------+---------+---------+-------
        D:1 |      31 |       0 |   0.0 |      15 |       0 |   0.0
        D:2 |     104 |       0 |   0.0 |      28 |       0 |   0.0
            +---------+---------+-------+---------+---------+-------
